 Dungeon Crawl Stone Soup version 0.32-a0-938-g40ac7a0f4d (webtiles) character file.

Game seed: 10852388493895440253

24 Sanktem7 the Trooper (level 2, 0/27 HPs)
             Began as a Minotaur Fighter on Apr 16, 2024.
             Slain by Sigmund
             ... wielding a +0 scythe
              (7 damage)
             ... on level 2 of the Dungeon.
             The game lasted 00:01:42 (557 turns).

Sanktem7 the Trooper (Minotaur Fighter)              Turns: 557, Time: 00:01:43

Health: 0/27       AC:  9    Str: 20    XL:     2   Next: 79%
Magic:  1/1        EV:  6    Int:  5    God:
Gold:   56         SH:  0    Dex:  9    Spells: 1/1 levels left

rFire   . . .        a - +0 war axe {axe}
rCold   . . .        c - +0 buckler
rNeg    . . .        q - +0 chain mail
rPois   .            (helmet restricted)
rElec   .            (no cloak)
rCorr   .            (no gloves)
SInv    .            (no boots)
Will    .....        (no amulet) Stlth
                     (no ring)
HPRegen 0.24/turn    (no ring)
MPRegen 0.07/turn

%: no passive effects
@: confused
A: horns 2, retaliatory headbutt
a: no special abilities


You were on level 2 of the Dungeon.
You visited 1 branch of the dungeon, and saw 2 of its levels.

You collected 56 gold pieces.


Innate Abilities, Weirdness & Mutations

You have a pair of horns on your head.
You reflexively headbutt those who attack you in melee.


   Skills:
 + Level 3.8 Fighting
 * Level 3.2 Axes
 + Level 0.6 Throwing
 + Level 3.8 Armour
 + Level 3.8 Shields


You had one spell level left.
You didn't know any spells.
Your spell library was empty.

Inventory:

Hand Weapons
 a - a +0 war axe (weapon) {axe}
 k - a +0 hand axe of flaming {axe}
   (You found it on level 1 of the Dungeon)
 n - a +2 dagger of venom {short}
   (You took it off a goblin on level 1 of the Dungeon)
Missiles
 e - 2 silver javelins (quivered) {throwing}
 f - 5 poisoned darts {throwing}
 g - 27 stones {throwing}
Armour
 c - a +0 buckler (worn)
 q - a +0 chain mail (worn)
   (You found it on level 1 of the Dungeon)
Scrolls
 b - a scroll of teleportation {unknown}
 m - a scroll of noise {unknown}
 o - a scroll of blinking {unknown}
Potions
 d - a potion of might
 h - a potion of attraction {unknown}
 i - a potion of haste {unknown}
 j - a potion of magic {unknown}
 l - 2 potions of invisibility {unknown}
 p - a potion of heal wounds {unknown}

Dungeon Overview and Level Annotations

Branches:
Dungeon (2/15) Zot: 11428

Altars:

Annotations:
D:2 Sigmund

##########
#........#
#........#
#........####
###..?.........
#..........####
###...#.#<.......
#...@{..#########
#.......#
#..........#
:........?..#
..!...........#
...^...........#
....:.........?#
)$......####...#


There were no monsters in sight!


Message History

A goblin is nearby!
A goblin is nearby!
The goblin hits you with a +0 dagger. 😕 HP[-1]
You take 1 damage, and now have 26/27 hp.
You closely miss the goblin. You headbutt the goblin.
You kill the goblin! 😎 HP[+1]
Your hp is fully restored (27).
No target in view!
No target in view!
No target in view!
No target in view!
Key pressed, stopping explore.
A kobold comes into view. It is wielding a +0 short sword.
The kobold shouts!
A kobold is nearby!
The kobold barely misses you.
You closely miss the kobold. You headbutt the kobold.
You kill the kobold!
No target in view!
No target in view!
No target in view!
You see here a +0 short sword {short}.
You see here a +0 chain mail.
q - a +0 chain mail You start removing your armour.
You continue removing your +0 scale mail. x4
You finish removing your +0 scale mail.
You start putting on your armour.
You continue putting on your +0 chain mail. x5
You finish putting on your +0 chain mail.
You drop a +0 scale mail.
You see here a +0 short sword {short}.
Found a stone staircase leading down.
There is a stone staircase leading down here.
You see here a ball python corpse.
You see here a ball python skeleton.
Key pressed, stopping explore.
b - a scroll labelled TINLUA ILIMO Done exploring.
There is a stone staircase leading down here.
You climb downwards.
There is a stone staircase leading up here.
A frilled lizard comes into view.
The frilled lizard hisses angrily.
Sigmund the Dreaded comes into view.
He is wielding a +0 scythe.
Sigmund shouts!
Sigmund mumbles some strange words.
Sigmund flickers and vanishes!
Deactivating autopickup; reactivate with Ctrl-A.
You hit the frilled lizard but do no damage.
The frilled lizard bites you but does no damage.
You hear some strange, mumbled words.
You are confused.
Something hits you but does no damage.
You miss something. Your headbutt misses something.
You completely miss the frilled lizard. The frilled lizard barely misses you.
Something hits you but does no damage. Something hits you but does no damage.
Something hits you but does no damage.
You miss the frilled lizard.
The frilled lizard bites you but does no damage.
Something hits you!
The frilled lizard bites you but does no damage. 😮 HP[-8]
You take 8 damage, and now have 19/27 hp.
MASSIVE DAMAGE!! (PAUSE)
You feel less confused.
The frilled lizard bites you but does no damage.
Something hits you!
* * * LOW HITPOINT WARNING * * *
The frilled lizard bites you but does no damage. 😨 HP[-7]
You take 7 damage, and now have 12/27 hp.
MASSIVE DAMAGE!! (PAUSE)
You slash the frilled lizard!
You kill the frilled lizard!
Something hits you but does no damage. 😨 HP[+1]
Something hits you!
* * * LOW HITPOINT WARNING * * *
😱 HP[-7]
You take 7 damage, and now have 6/27 hp.
MASSIVE DAMAGE!! (PAUSE)
You closely miss something. Something hits you but does no damage.
You closely miss something. You barely miss something.
You hear some strange, mumbled words.
You are confused.
Something hits you but does no damage. 😨 HP[+1]
A magic dart appears from out of thin air!
The magic dart hits you but does no damage.
You hear some strange, mumbled words.
You are more confused.
Something hits you.
* * * LOW HITPOINT WARNING * * *
Something hits you!
You die...

Skill      XL: |  1  2 |
---------------+-------+-----
Axes           | 3 |  3.2
Fighting       | |  3.8
Throwing       | |  0.6
Armour         | |  3.8
Shields        | |  3.8

Action                     || total
---------------------------++-------
  Melee: War axe           ||    35
         Headbutt          ||     6
 Armour: Scale mail        ||    25
         Chain mail        ||    18
  Dodge: Dodged            ||    20
  Block: Buckler           ||     8

Levels and vault maps discovered:
D:1:      lemuel_arrival_room, layout_rooms, minmay_pentomino_p4
D:2:      layout_basic, basic_altar, serial_shops, nicolae_shop_behind_doors,
          uniq_sigmund, uniq_crazy_yiuf_cottage

Notes
Turn   | Place    | Note
-------+----------+-------------------------------------------
     0 | D:1      | Sanktem7 the Minotaur Fighter began the quest for the Orb.
     0 | D:1      | Reached XP level 1. HP: 19/19 MP: 0/0
     0 | D:1      | magus.rc [v1.9.6]
    32 | D:1      | magus.rc [v1.9.6]
   156 | D:1      | Reached XP level 2. HP: 27/27 MP: 1/1
   187 | D:1      | Reached skill level 3 in Axes
   536 | D:2      | Noticed Sigmund
   549 | D:2      | HP: 6/27 [something (7)]
   557 | D:2      | Slain by Sigmund

Vanquished Creatures
  A dart slug (D:1)
  2 bats (D:1)
  2 endoplasms (D:1)
  3 goblins (D:1)
  2 hobgoblins (D:1)
  4 kobolds (D:1)
  3 ball pythons (D:1)
  3 frilled lizards
  A rat (D:1)
21 creatures vanquished.

Table legend:
 A = Non-vault XP
 B = Vault XP
 C = Vault XP percentage of total XP
 D = Non-vault monster count
 E = Vault monster count
 F = Vault count percentage of total count
                 A         B        C        D         E       F
            +---------+---------+-------+---------+---------+-------
      Total |      34 |       1 |   2.9 |      20 |       1 |   4.8
            +---------+---------+-------+---------+---------+-------
        D:1 |      33 |       1 |   2.9 |      19 |       1 |   5.0
        D:2 |       1 |       0 |   0.0 |       1 |       0 |   0.0
            +---------+---------+-------+---------+---------+-------

Skill      XL: |  1  2 |
---------------+-------+-----
Axes           | 3 |  3.2
Fighting       | |  3.8
Throwing       | |  0.6
Armour         | |  3.8
Shields        | |  3.8

Action                     || total
---------------------------++-------
  Melee: War axe           ||    35
         Headbutt          ||     6
 Armour: Scale mail        ||    25
         Chain mail        ||    18
  Dodge: Dodged            ||    20
  Block: Buckler           ||     8

Illustrated notes

Table legend:
 A = Kills in this place as a percentage of kills in the entire game.
 B = Kills by you in this place as a percentage of kills by you in the entire game.
 C = Kills by friends in this place as a percentage of kills by friends in the entire game.
 D = Other kills in this place as a percentage of other kills in the entire game.
 E = Experience gained in this place as a percentage of experience gained in the entire game.
 F = Experience gained in this place divided by the number of levels of this place that you have seen.
                   A       B       C       D       E      F
               +-------+-------+-------+-------+-------+----------------------
         Total | 100.0 | 100.0 |   N/A |   N/A | 100.0 |  17.5
       Dungeon | 100.0 | 100.0 |   N/A |   N/A | 100.0 |  17.5
               +-------+-------+-------+-------+-------+----------------------

Table legend: (Time is in decaauts)
 A = Elapsed time spent in this place.
 B = Non-inter-level travel time spent in this place.
 C = Inter-level travel time spent in this place.
 D = Time resting spent in this place.
 E = Time spent auto-exploring this place.
 F = Levels seen in this place.
 G = Mean time per level.
                   A        B        C        D        E       F      G
               +--------+--------+--------+--------+--------+-----+--------+
         Total |    570 |    558 |     12 |      0 |    411 |   2 |  285.0 |
       Dungeon |    570 |    558 |     12 |      0 |    411 |   2 |  285.0 |
               +--------+--------+--------+--------+--------+-----+--------+

Top non-repeatable levels by time:
     D:1: 545 daAuts
     D:2: 24 daAuts
